[Event "GER-ch Blitz 2019"]
[Site "Magdeburg"]
[Date "2019.05.25"]
[Round "17.11"]
[White "Kirchner, Thomas"]
[Black "Frischmann, Rick"]
[Result "0-1"]
[ECO "B30"]
[WhiteElo "2311"]
[BlackElo "2320"]
[Annotator "NA"]
[PlyCount "86"]
[EventDate "2019.05.25"]
[EventType "tourn"]
[EventCountry "GER"]
[Tiebreak "Number of wins+Number of black wins"]
[SourceTitle "playchess.com"]
[Source "ChessBase"]
[SourceQuality "1"]
[TimeControl "180+2"]

1. e4 c5 2. Nf3 Nc6 3. Bc4 e6 4. O-O d5 5. exd5 exd5 6. Bb5 Nf6 7. d4 Be7 8. c3 O-O 9. h3 Qb6 10. Ba4 cxd4 11. cxd4 h6 12. Nc3 Bf5 13. Bb3 Rad8 14. Re1 Bb4 15. Bf4 Na5 16. Bc2 Bxc2 17. Qxc2 Nc4 18. Red1 Rc8 19. Na4 Qb5 20. Qb3 Na5 21. Qd3 Qxa4 22. Be5 Ne4 23. b3 Qc6 24. Qe3 Qe6 25. Bf4 Rc3 26. Qe2 a6 27. Ne5 Nc6 28. Nf3 Re8 29. Be3 Bd6 30. Qb2 Nb4 31. Ne1 Rec8 32. a3 Nc2 33. Rac1 Nxe3 34. fxe3 Rxc1 35. Rxc1 Rxc1 36. Qxc1 Ng3 37. Qd2 Qf5 38. Nf3 Qb1+ 39. Ne1 Qxb3 40. Nd3 Qb1+ 41. Ne1 Bxa3 42. Qf2 Bb4 43. Qxg3 Qxe1+ 0-1

[Event "GER-ch Blitz 2019"]
[Site "Magdeburg"]
[Date "2019.05.25"]
[Round "17.12"]
[White "Zuyev, Igor"]
[Black "Heidrich, Manfred"]
[Result "1-0"]
[ECO "B23"]
[WhiteElo "2447"]
[BlackElo "2351"]
[Annotator "NA"]
[PlyCount "56"]
[EventDate "2019.05.25"]
[EventType "tourn"]
[EventCountry "GER"]
[Tiebreak "Number of wins+Number of black wins"]
[SourceTitle "playchess.com"]
[Source "ChessBase"]
[SourceQuality "1"]
[TimeControl "180+2"]

1. e4 c5 2. Nc3 Nc6 3. f4 e6 4. Nf3 d5 5. Bb5 Nf6 6. e5 Nd7 7. Bxc6 bxc6 8. d3 Be7 9. O-O O-O 10. Re1 Re8 11. Ne2 f6 12. b3 Rb8 13.
Bb2 Ba6 14. Ng3 c4 15. exf6 Bxf6 16. Bxf6 Qxf6 17. dxc4 Qxf4 18.
Nd4 Qd6 19. Qg4 Nf8 20. Nh5 Re7 21. Qg3 Qxg3 22. Nxg3 Bb7 23. Ngf5 Rf7 24. Nd6 Rd7 25. c5 Re7 26. Re5 Ba8 27. Rf1 Nd7 28.
N4f5 Rf7 1-0

[Event "GER-ch Blitz 2019"]
[Site "Magdeburg"]
[Date "2019.05.25"]
[Round "17.13"]
[White "Svane, Frederik"]
[Black "Stein, Robert"]
[Result "0-1"]
[ECO "C84"]
[WhiteElo "2342"]
[BlackElo "2318"]
[Annotator "NA"]
[PlyCount "90"]
[EventDate "2019.05.25"]
[EventType "tourn"]
[EventCountry "GER"]
[Tiebreak "Number of wins+Number of black wins"]
[SourceTitle "playchess.com"]
[Source "ChessBase"]
[SourceQuality "1"]
[TimeControl "180+2"]

1. e4 e5 2. Nf3 Nc6 3. Bb5 a6 4. Ba4 Nf6 5. O-O Be7 6. d3 b5 7. Bb3 O-O 8. Nc3 d6 9. a3 Na5 10. Ba2 Be6 11. b4 Bxa2 12.
Rxa2 Nc6 13. Bg5 h6 14. Bxf6 Bxf6 15. Nd5 Bg5 16. a4 Ne7 17. c4 c6 18. Nc3 bxc4 19. dxc4 Qc7 20. Nxg5 hxg5 21. Qd2 f6 22. b5 Rfd8 23. Rb1 cxb5 24. cxb5 axb5 25. axb5 Rxa2 26. Qxa2+ Kh7 27. Qb3 Qb7 28. g3 Rd7 29. b6 d5 30. exd5 Nxd5 31. Rd1 Nxc3 32. Rxd7 Qxd7 33. Qxc3 Qd1+ 34. Kg2 Qd5+ 35. Qf3 e4 36. Qe3 Qc6 37. h3 Kg6 38. Kh2 f5 39. Qd4 f4 40. Qb2 Qb7 41.
Qb4 e3 42. fxe3 Qf3 43. Qd6+ Kh5 44. Qd2 Qxg3+ 45. Kh1 Qf3+ 0-1

[Event "GER-ch Blitz 2019"]
[Site "Magdeburg"]
[Date "2019.05.25"]
[Round "17.14"]
[White "Schmaltz, Roland"]
[Black "Schulze, Marc"]
[Result "0-1"]
[ECO "B27"]
[WhiteElo "2461"]
[BlackElo "2220"]
[Annotator "ChessBase"]
[PlyCount "156"]
[EventDate "2019.05.25"]
[EventType "tourn"]
[EventCountry "GER"]
[Tiebreak "Number of wins+Number of black wins"]
[SourceTitle "playchess.com"]
[Source "ChessBase"]
[SourceQuality "1"]
[TimeControl "180+2"]

1. e4 c5 2. Nf3 g6 3. d4 cxd4 4. Nxd4 Bg7 5. Be2 Nc6 6. Nb3 Nf6 7.
Nc3 O-O 8. O-O d6 9. Re1 a6 10. Bf1 Be6 11. Nd5 Rc8 12. c3 Re8 13. Bg5 Bxd5 14. exd5 Na5 15. h3 Nc4 16. Bxc4 Rxc4 17. Qd3 Rc8 18. Re2 h6 19. Bh4 Qd7 20. Rae1 Rc7 21. Nd2 Qa4 22. Bxf6 Bxf6 23. Ne4 Be5 24. b3 Qd7 25. f4 Bg7 26. c4 b5 27. cxb5 axb5 28. Kh1 Rec8 29. Qf3 Qf5 30. Ng3 Qf6 31. f5 Rc3 32. Qf4 Qd4 33. Ne4 Rc2 34.
fxg6 fxg6 35. Rxc2 Rxc2 36. Qg4 Kh7 37. Qh4 Qe5 38. Nd2 Qf6 39.
Qxf6 Bxf6 40. Ne4 Be5 41. a4 bxa4 42. bxa4 Ra2 43. g4 Rxa4 44. Kg2 Ra5 45. Rd1 Ra4 46.
Kf3 Ra3+ 47. Kg2 Kg7 48. Rf1 Rd3 49. g5 Rxd5 50. gxh6+ Kxh6 51. Rf7 e6 52. h4 Rd4 53. Ng5 Rxh4 54. Nxe6 Rg4+ 55. Kf3 Rg3+ 56. Ke4 Rg1 57. Rf8 Kh5 58. Rg8 g5 59. Nf8 Kg4 60. Ne6 Kh5 61. Kd5 g4 62. Ke4 g3 63. Rg5+ Kh4 64. Rg6 Kh3 65. Kf3 Rf1+ 66. Ke2 Rf6 67. Rxf6 Bxf6 68. Nf4+ Kh2 69. Kf3 Be5 70. Ng2 d5
71. Ne3 d4 72. Ng4+ Kh1 73. Nxe5 g2 74. Nd3 g1=Q 75. Nf2+ Kh2 76. Ng4+ Kh3 77. Nf2+ Kh4 78. Ne4 d3 0-1

[Event "GER-ch Blitz 2019"]
[Site "Magdeburg"]
[Date "2019.05.25"]
[Round "17.15"]
[White "Zelbel, Patrick"]
[Black "Kopylov, Daniel"]
[Result "1-0"]
[ECO "B22"]
[WhiteElo "2439"]
[BlackElo "2263"]
[Annotator "NA"]
[PlyCount "73"]
[EventDate "2019.05.25"]
[EventType "tourn"]
[EventCountry "GER"]
[Tiebreak "Number of wins+Number of black wins"]
[SourceTitle "playchess.com"]
[Source "ChessBase"]
[SourceQuality "1"]
[TimeControl "180+2"]

1. e4 c5 2. c3 d5 3. exd5 Qxd5 4. Nf3 Nf6 5. Na3 e6 6. d4 cxd4 7. Nb5 Qd8 8. Nbxd4 Be7 9. Be2 O-O 10. Bf4 Nd5 11. Bg3 Nc6 12. O-O Bd7 13. Nxc6 Bxc6 14. Ne5 Rc8 15. Bf3 Bf6 16. Nxc6 bxc6 17. Qb3 Qb6 18. Rfd1 h6 19. Rd2 Bg5 20. Rd4 c5 21. Rdd1 c4 22. Qxb6 Nxb6 23. Bb7 Rcd8 24. Bd6 Rxd6 25. Rxd6 Rb8 26. Ba6 Na4 27. Bxc4 Rxb2 28. Ra6 Nxc3 29. Rxa7 Bf6 30. Rc1 g6 31. g3 Ne4 32. Bxe6 Nd6 33. Bd5 Bd4 34. Ra8+ Kg7 35. Rf1 Nb5 36. Rb8 Rb4 37. a4 1-0

[Event "GER-ch Blitz 2019"]
[Site "Magdeburg"]
[Date "2019.05.25"]
[Round "18.1"]
[White "Heistermann, Till"]
[Black "Gustafsson, Jan"]
[Result "0-1"]
[ECO "A15"]
[WhiteElo "2181"]
[BlackElo "2639"]
[Annotator "RC"]
[PlyCount "40"]
[EventDate "2019.05.25"]
[EventType "tourn"]
[EventCountry "GER"]
[Tiebreak "Number of wins+Number of black wins"]
[SourceTitle "playchess.com"]
[Source "ChessBase"]
[SourceQuality "1"]
[TimeControl "180+2"]

1. c4 Nf6 2. g3 c6 3. Nf3 d5 4. b3 dxc4 5. bxc4 e5 6. d3 e4 7. dxe4 Qxd1+ 8. Kxd1 Nxe4 9. Be3 Be6 10.
Nbd2 Nxd2 11. Nxd2 Nd7 12. Kc2 Bb4 13. Rb1 Bf5+ 14. Kc1 Bxb1 15. Kxb1 O-O 16. Kc2 Rfe8 17. Bd4 Rad8 18. e3 c5 19. Bc3 Ne5 20.
Nb3 Ng4 0-1

[Event "GER-ch Blitz 2019"]
[Site "Magdeburg"]
[Date "2019.05.25"]
[Round "18.2"]
[White "Barzen, Pascal"]
[Black "Braeuning, Rudolf Wilhelm"]
[Result "1/2-1/2"]
[ECO "B24"]
[WhiteElo "2292"]
[BlackElo "2285"]
[Annotator "NA"]
[PlyCount "81"]
[EventDate "2019.05.25"]
[EventType "tourn"]
[EventCountry "GER"]
[Tiebreak "Number of wins+Number of black wins"]
[SourceTitle "playchess.com"]
[Source "ChessBase"]
[SourceQuality "1"]
[TimeControl "180+2"]

1. e4 c5 2. Nc3 Nc6 3. g3 Rb8 4. Bg2 b5 5. d3 g6 6. f4 Bg7 7. Nf3 b4 8. Ne2 e6 9. O-O Nge7 10. g4 d5 11. Ng3 dxe4 12.
Nxe4 O-O 13. Kh1 Qa5 14. Be3 Bxb2 15. Nxc5 Nd5 16. Bf2 Nxf4 17. Rb1 Bg7 18. Qd2 Nxg2 19. Kxg2 e5 20. h3 Nd4 21. Nxd4 exd4 22. Ne4 Bb7 23. Kg1 Qd5 24. g5 a5 25. Bg3 Rbe8 26. Rbe1 Re6 27. h4 Rfe8 28. Kh2 Qxa2 29. Qf2 Qd5 30. Qxf7+ Kh8 31. Rf2 Rxe4 32. Qxe8+ Rxe8 33. Rxe8+ Bf8 34. Rfxf8+ Kg7 35.
Be5+ Qxe5+ 36. Rxe5 Kxf8 37. Rxa5 Ke8 38. Rb5 Bc6 39. Rxb4 Ke7 40. Rxd4 Ke6 41. Kg3 1/2-1/2

[Event "GER-ch Blitz 2019"]
[Site "Magdeburg"]
[Date "2019.05.25"]
[Round "18.3"]
[White "Voege, Tobias"]
[Black "Hebbinghaus, Holger"]
[Result "1-0"]
[ECO "A21"]
[WhiteElo "2294"]
[BlackElo "2310"]
[Annotator "NA"]
[PlyCount "75"]
[EventDate "2019.05.25"]
[EventType "tourn"]
[EventCountry "GER"]
[Tiebreak "Number of wins+Number of black wins"]
[SourceTitle "playchess.com"]
[Source "ChessBase"]
[SourceQuality "1"]
[TimeControl "180+2"]

1. c4 e5 2. Nc3 d6 3. g3 f5 4. Bg2 Nf6 5. e3 Be7 6. Nge2 O-O 7. O-O c6 8. d4 e4 9. d5 Na6 10. b3 c5 11. Nf4 Nc7 12. f3 exf3 13. Bxf3 Rb8 14. Bb2 b5 15. cxb5 Nxb5 16. Nxb5 Rxb5 17. Ne6 Bxe6 18. dxe6 Rb6 19. Rc1 Qc8 20. Bxf6 Rxf6 21. Bd5 Kh8 22. Qe2 Rb8 23. Rc4 Qc7 24. Rh4 g6 25. Rhf4 Rff8 26. e4 Bf6 27. exf5 g5 28. Re4 Qe7 29. Kg2 Bd4 30. g4 Rf6 31. h4 gxh4 32.
g5 Qg7 33. Rg4 Rff8 34. f6 Qg6 35. e7 h3+ 36. Kxh3 Qh5+ 37. Kg2 Rfe8 38. Rh1 1-0

[Event "GER-ch Blitz 2019"]
[Site "Magdeburg"]
[Date "2019.05.25"]
[Round "18.5"]
[White "Wichmann, Cliff"]
[Black "Schneider, Ilja"]
[Result "0-1"]
[ECO "D15"]
[WhiteElo "2280"]
[BlackElo "2494"]
[Annotator "ChessBase"]
[PlyCount "66"]
[EventDate "2019.05.25"]
[EventType "tourn"]
[EventCountry "GER"]
[Tiebreak "Number of wins+Number of black wins"]
[SourceTitle "playchess.com"]
[Source "ChessBase"]
[SourceQuality "1"]
[TimeControl "180+2"]

1. d4 d5 2. Nf3 Nf6 3. c4 c6 4. Nc3 a6 5. c5 Nbd7 6. h3 Qc7 7. Bg5 h6 8. Bh4 Nh5 9. g4 g5 10. gxh5 gxh4 11. e4 dxe4 12. Nxe4 Qf4 13. Bd3 Nf6 14. Nxf6+ Qxf6 15. Qe2 Bf5 16. O-O-O Rg8 17. Bxf5 Qxf5 18. Qe3 Qxh5 19. Rd2 O-O-O 20. Qf4 Bg7 21. Re1 Bf6 22. Kc2 Qd5 23. Kb1 Bg5 24. Nxg5 hxg5 25. Qe3 e6 26. f4 Qf5+ 27. Ka1 gxf4 28. Qb3 f3 29. Rf1 Rg2 30. Rdd1 f2 31. a3 Rg3 32. Qc4 Rxh3 33. Rd2 Rf3 0-1

[Event "GER-ch Blitz 2019"]
[Site "Magdeburg"]
[Date "2019.05.25"]
[Round "18.6"]
[White "Carow, Johannes"]
[Black "Koch, Thomas"]
[Result "1/2-1/2"]
[ECO "A05"]
[WhiteElo "2445"]
[BlackElo "2474"]
[Annotator "ChessBase"]
[PlyCount "28"]
[EventDate "2019.05.25"]
[EventType "tourn"]
[EventCountry "GER"]
[Tiebreak "Number of wins+Number of black wins"]
[SourceTitle "playchess.com"]
[Source "ChessBase"]
[SourceQuality "1"]
[TimeControl "180+2"]

1. Nf3 Nf6 2. e3 b6 3. d4 Bb7 4. c4 e6 5. Be2 Bb4+ 6. Nbd2 O-O 7. O-O Re8 8. a3 Bf8 9. b4 d6 10. Bb2 Nbd7 11. Qc2 c5 12. Rfd1 Qc7 13. Rac1 Rac8 14. Qb1 Qb8 1/2-1/2

[Event "GER-ch Blitz 2019"]
[Site "Magdeburg"]
[Date "2019.05.25"]
[Round "18.7"]
[White "Baskin, Robert"]
[Black "Schulz, Karsten"]
[Result "1-0"]
[ECO "A45"]
[WhiteElo "2398"]
[BlackElo "2227"]
[Annotator "NA"]
[PlyCount "81"]
[EventDate "2019.05.25"]
[EventType "tourn"]
[EventCountry "GER"]
[Tiebreak "Number of wins+Number of black wins"]
[SourceTitle "playchess.com"]
[Source "ChessBase"]
[SourceQuality "1"]
[TimeControl "180+2"]

1. d4 Nf6 2. Bf4 g6 3. Nc3 d6 4. e4 Bg7 5. Qd2 d5 6. e5 Ne4 7. Nxe4 dxe4 8. Bc4 c5 9. d5 O-O 10. Ne2 Nd7 11. Ng3 Nxe5 12. Bxe5 Bxe5 13. Nxe4 Bxb2 14. Rb1 Bg7 15. h4 h5 16. Qg5 Qa5+ 17. Kf1 Bf5 18.
Ng3 Bxc2 19. Rxb7 Qc3 20. Bb3 Bd3+ 21. Kg1 c4 22. Bd1 Bf6 23. Qe3 Rab8 24. Rxb8 Rxb8 25. Qxa7 Rb1 26. Kh2 Qd4 27. Qxd4 Bxd4 28. Be2 Bxf2 29. Rxb1 Bxg3+ 30. Kxg3 Bxb1 31.
Bxc4 Kf8 32. a4 Ke8 33. a5 Kd8 34. d6 e6 35. a6 Be4 36.
Bb5 f6 37. Kf2 g5 38. hxg5 fxg5 39. Ke3 Bxg2 40. Kd4 Bd5 41. Kc5 1-0

[Event "GER-ch Blitz 2019"]
[Site "Magdeburg"]
[Date "2019.05.25"]
[Round "18.8"]
[White "Stern, Rene"]
[Black "Buhmann, Rainer"]
[Result "1/2-1/2"]
[ECO "D45"]
[WhiteElo "2538"]
[BlackElo "2573"]
[Annotator "ChessBase"]
[PlyCount "69"]
[EventDate "2019.05.25"]
[EventType "tourn"]
[EventCountry "GER"]
[Tiebreak "Number of wins+Number of black wins"]
[SourceTitle "playchess.com"]
[Source "ChessBase"]
[SourceQuality "1"]
[TimeControl "180+2"]

1. Nf3 Nf6 2. c4 e6 3. Nc3 d5 4. d4 c6 5. e3 Nbd7 6. Be2 Bd6 7. O-O O-O 8. b3 b6 9. Bb2 Bb7 10. Rc1 Rc8 11. Qc2 Qe7 12. Rfd1 h6 13.
h3 Rfd8 14. Qb1 Bb8 15. Bf1 c5 16. cxd5 exd5 17. dxc5 bxc5 18. Ne2 d4 19. exd4 Be4 20. Qa1 Bxf3 21. gxf3 Nh5 22. dxc5 Nxc5 23. Bd4 Qg5+ 24. Bg2 Ne6 25. Be3 Nhf4 26. Nxf4 Nxf4 27. Bxf4 Bxf4 28. Rxc8 Rxc8 29. Qd4 a5 30. Qd7 Rb8 31. Qd5 a4 32. Qxg5 hxg5 33. bxa4 Rb2 34. Bf1 Rxa2 35. Bb5 1/2-1/2

[Event "GER-ch Blitz 2019"]
[Site "Magdeburg"]
[Date "2019.05.25"]
[Round "18.9"]
[White "Braeuer, Franz"]
[Black "Hirneise, Jens"]
[Result "0-1"]
[ECO "B56"]
[WhiteElo "2445"]
[BlackElo "2375"]
[Annotator "NA"]
[PlyCount "60"]
[EventDate "2019.05.25"]
[EventType "tourn"]
[EventCountry "GER"]
[Tiebreak "Number of wins+Number of black wins"]
[SourceTitle "playchess.com"]
[Source "ChessBase"]
[SourceQuality "1"]
[TimeControl "180+2"]

1. e4 c5 2. Nf3 Nc6 3. d4 cxd4 4. Nxd4 Nf6 5. Nc3 d6 6. f3 e5 7. Nb3 Be7 8. Be3 O-O 9. Qd2 a5 10. Bb5 Be6 11. Nd5 Bxd5 12. exd5 Na7 13. Be2 b6 14. Rc1 Nd7 15. O-O Nc5 16. c4 Nc8 17. Na1 Bf6 18.
Nc2 Ne7 19. Bd3 Ng6 20. Na3 Be7 21. Qc2 Bg5 22. Bxg5 Qxg5 23. Bxg6 fxg6 24. Rce1 Rf6 25. Nb5 Raf8 26. Nc3 Rxf3 27. Rxf3 Rxf3 28. Qe2 Rf4 29. b3 h5 30. Qd2 Rf1+ 0-1

[Event "GER-ch Blitz 2019"]
[Site "Magdeburg"]
[Date "2019.05.25"]
[Round "18.10"]
[White "Frischmann, Rick"]
[Black "Ehmann, Thilo"]
[Result "1-0"]
[ECO "B41"]
[WhiteElo "2320"]
[BlackElo "2291"]
[Annotator "NA"]
[PlyCount "83"]
[EventDate "2019.05.25"]
[EventType "tourn"]
[EventCountry "GER"]
[Tiebreak "Number of wins+Number of black wins"]
[SourceTitle "playchess.com"]
[Source "ChessBase"]
[SourceQuality "1"]
[TimeControl "180+2"]

1. e4 c5 2. Nf3 e6 3. d4 cxd4 4. Nxd4 a6 5. c4 Qc7 6. a3 Nf6 7. Nc3 Nxe4 8. Nxe4 Qe5 9. Qc2 Qxd4 10. Be3 Qe5 11. c5 Nc6 12. f4 Qf5 13. Bd3 Qg4 14. O-O f5 15. Ng3 Be7 16. Be2 Qh4 17. Nh5 Bf6 18. Rad1 Bd8 19. Nxg7+ Kf7 20. Nh5 Rg8 21. Ng3 d5 22. cxd6 Bd7 23. Bc4 Qf6 24. Nxf5 Na5 25. Ba2 Rc8 26. Qb1 Nc4 27. Bxc4 Rxc4 28. Ne7 Rg7 29. f5 e5 30. Qd3 b5 31. Qd5+ Ke8 32. Qf3 e4 33. Qh5+ Rf7 34. Nd5 Qxb2 35.
Qg4 Qh8 36. Kh1 Rc2 37. Qxe4+ Kf8 38. Qxc2 Qg8 39. Qe4 Qg7 40. Nf4 Bxf5 41. Ne6+ Bxe6 42. Qxe6 1-0

[Event "GER-ch Blitz 2019"]
[Site "Magdeburg"]
[Date "2019.05.25"]
[Round "18.11"]
[White "Kopylov, Michael"]
[Black "Zuyev, Igor"]
[Result "0-1"]
[ECO "E04"]
[WhiteElo "2413"]
[BlackElo "2447"]
[Annotator "NA"]
[PlyCount "66"]
[EventDate "2019.05.25"]
[EventType "tourn"]
[EventCountry "GER"]
[Tiebreak "Number of wins+Number of black wins"]
[SourceTitle "playchess.com"]
[Source "ChessBase"]
[SourceQuality "1"]
[TimeControl "180+2"]

1. d4 Nf6 2. c4 e6 3. g3 d5 4. Bg2 dxc4 5. Nf3 c5 6. O-O cxd4 7. Qxd4 Qxd4 8.
Nxd4 a6 9. Nd2 c3 10. bxc3 Nbd7 11. Rb1 Ra7 12. Nc4 h5 13. Be3 Nd5 14. Bxd5 exd5 15. Nf5 dxc4 16. Bxa7 b5 17. Rfd1 Nf6 18. Bb6 Bxf5 19. Rd8+ Ke7 20. Rbd1 Nd7 21. Ba5 f6 22. e4 Bg4 23. f3 Bh3 24. f4 g5 25. f5 Ne5 26. R1d6 Kf7 27. Rxa6 Bc5+ 28. Rd4 Nf3+ 29. Kf2 Nxd4 30. cxd4 Bxd4+ 31. Ke2 Re8 32. Kf3 Bg4+ 33.
Kg2 Rxe4 0-1

[Event "GER-ch Blitz 2019"]
[Site "Magdeburg"]
[Date "2019.05.25"]
[Round "18.12"]
[White "Stein, Robert"]
[Black "Kirchner, Thomas"]
[Result "1-0"]
[ECO "A52"]
[WhiteElo "2318"]
[BlackElo "2311"]
[Annotator "NA"]
[PlyCount "95"]
[EventDate "2019.05.25"]
[EventType "tourn"]
[EventCountry "GER"]
[Tiebreak "Number of wins+Number of black wins"]
[SourceTitle "playchess.com"]
[Source "ChessBase"]
[SourceQuality "1"]
[TimeControl "180+2"]

1. d4 Nf6 2. c4 e5 3. dxe5 Ng4 4. Bf4 g5 5. Bd2 Bg7 6. Bc3 Nxe5 7. e3 Qe7 8. Nd2 Nbc6 9. Rc1 d6 10. Ngf3 O-O 11. Be2 f5 12. O-O Be6 13. b3 Rae8 14. Nd4 Bd7 15. Nxc6 Bxc6 16. Nf3 Ng6 17. Bxg7 Kxg7 18. Nd4 Bd7 19. Bf3 c6 20. Bh5 Qf6 21. Qd2 Rd8 22. Rcd1 Bc8 23. Qa5 a6 24. Ne2 Ne5 25. f4 gxf4 26. exf4 Ng6 27. Bxg6 hxg6 28. Nd4 Rde8 29. Nf3 Re7 30. Qd2 Rd8 31. Rfe1 Rxe1+ 32. Rxe1 Be6 33. Re3 Bf7 34. Ng5 Rd7 35. Rh3 Bg8 36. Rd3 d5 37. Nf3 Re7 38. Ne5 Qd6 39. Qf2 Qf6 40. h4 dxc4 41. bxc4 b5 42. Rg3 Bf7 43. h5 Rxe5 44. fxe5 Qxe5 45. hxg6 Bxc4 46. Qa7+ Kf6 47. Re3 Qc5 48. Qxc5 1-0

[Event "GER-ch Blitz 2019"]
[Site "Magdeburg"]
[Date "2019.05.25"]
[Round "18.13"]
[White "Heidrich, Manfred"]
[Black "Schmaltz, Roland"]
[Result "1/2-1/2"]
[ECO "B07"]
[WhiteElo "2351"]
[BlackElo "2461"]
[Annotator "ChessBase"]
[PlyCount "150"]
[EventDate "2019.05.25"]
[EventType "tourn"]
[EventCountry "GER"]
[Tiebreak "Number of wins+Number of black wins"]
[SourceTitle "playchess.com"]
[Source "ChessBase"]
[SourceQuality "1"]
[TimeControl "180+2"]

1. e4 d6 2. d4 Nf6 3. Nc3 e5 4. dxe5 dxe5 5. Qxd8+ Kxd8 6. Bc4 Ke8 7. Nf3 Bd6 8. Bg5 Nbd7 9. O-O-O a6 10. Rhe1 b5 11. Bb3 Bb7 12. Nd5 Nxd5 13. Bxd5 Bxd5 14. Rxd5 f6 15. Be3 Ke7 16. Red1 Rhd8 17. Kb1 Nf8 18. c4 bxc4 19. Rc1 Rdb8 20. Rxc4 Rb5 21. Rd2 Ne6 22. Ne1 a5 23. Nd3 a4 24. Rdc2 g6 25. Nc5 Bxc5 26. Bxc5+ Ke8 27. Be3 Ra6 28. Rc6 Rxc6 29. Rxc6 Kd7 30. Ra6 Rb4 31. f3 Rc4 32. Bd2 f5 33. exf5 gxf5 34. b3 axb3 35. axb3 Rh4 36. h3 Nd4 37. Kb2 e4 38. fxe4 fxe4 39.
Rh6 Rxh6 40. Bxh6 Nf5 41.
Bf4 c6 42. Kc3 Ke6 43. Kc4 h5 44. g4 hxg4 45. hxg4 Ne7 46. Kd4 Nd5 47. Kxe4 Nf6+ 48. Kf3 Nd7 49. Be3 Ke5 50. Bf2 Nf6 51. Bh4 Nd5 52. Bg3+ Ke6 53. Ke4 Nf6+ 54. Kf4 Nd5+ 55. Kf3 Nf6 56. g5 Nd5 57. Kg4 Ne3+ 58. Kf4 Nd5+ 59. Ke4 Nc3+ 60. Kd4 Nd5 61. Bh4 Ne7 62. Kc5 Kd7 63. Bg3 Nf5 64. Be5 Ne7
65. Bf6 Ng6 66. b4 Nf4 67. Kd4 Ng6 68. Ke4 Ke6 69. Bd8 Ne5 70.
Bc7 Ng6 71. Bg3 Ne7 72. Bh2 Ng6 73. Kd4 Ne7 74. Kc5 Kd7 75.
Bg3 Ng6 1/2-1/2

[Event "GER-ch Blitz 2019"]
[Site "Magdeburg"]
[Date "2019.05.25"]
[Round "18.14"]
[White "Kopylov, Daniel"]
[Black "Svane, Frederik"]
[Result "0-1"]
[ECO "B40"]
[WhiteElo "2263"]
[BlackElo "2342"]
[Annotator "NA"]
[PlyCount "56"]
[EventDate "2019.05.25"]
[EventType "tourn"]
[EventCountry "GER"]
[Tiebreak "Number of wins+Number of black wins"]
[SourceTitle "playchess.com"]
[Source "ChessBase"]
[SourceQuality "1"]
[TimeControl "180+2"]

1. e4 c5 2. Nf3 e6 3. g3 Nc6 4. Bg2 e5 5. O-O Nf6 6. Re1 d6 7. c3 Be7 8. d4 O-O 9. dxe5 dxe5 10. h3 Qxd1 11. Rxd1 Nxe4 12. Nxe5 Nxe5 13. Bxe4 Bxh3 14. Bf4 Bf6 15. Na3 Rad8 16. Bxb7 Nd3 17. Nc4 Be6 18. Ba6 Bxc4 19. Bxc4 Nxb2 20. Rxd8 Rxd8 21. Bf1 Bxc3 22. Rc1 Bd4 23. Be3 Na4 24. Bxd4 cxd4 25. Bd3 Nb2 26. Bc2 d3 27. Bb3 d2 28. Rb1 d1=Q+ 0-1

[Event "GER-ch Blitz 2019"]
[Site "Magdeburg"]
[Date "2019.05.25"]
[Round "18.15"]
[White "Schulze, Marc"]
[Black "Zelbel, Patrick"]
[Result "0-1"]
[ECO "D00"]
[WhiteElo "2220"]
[BlackElo "2439"]
[Annotator "NA"]
[PlyCount "54"]
[EventDate "2019.05.25"]
[EventType "tourn"]
[EventCountry "GER"]
[Tiebreak "Number of wins+Number of black wins"]
[SourceTitle "playchess.com"]
[Source "ChessBase"]
[SourceQuality "1"]
[TimeControl "180+2"]

1. d4 d5 2. Bf4 c5 3. e3 Nc6 4. Nf3 Nf6 5. c3 Qb6 6. Qb3 c4 7. Qc2 Bf5 8. Qc1 e6 9. h3 h6 10. Nbd2 Be7 11. b3 cxb3 12. axb3 Rc8 13. Qb2 Ne4 14. Nxe4 Bxe4 15. Be2 Nb4 16. O-O Nd3 17. Bxd3 Bxd3 18. Rfc1 f6 19. Qd2 Be4 20. Ne1 Qxb3 21. Rxa7 O-O 22. f3 Bg6 23. Nd3 Ra8 24. Rxa8 Rxa8 25. Nc5 Bxc5 26. dxc5 Ra2 27. Qe1 Qb2 0-1

[Event "GER-ch Blitz 2019"]
[Site "Magdeburg"]
[Date "2019.05.25"]
[Round "19.1"]
[White "Gustafsson, Jan"]
[Black "Barzen, Pascal"]
[Result "1-0"]
[ECO "D37"]
[WhiteElo "2639"]
[BlackElo "2292"]
[Annotator "ChessBase"]
[PlyCount "92"]
[EventDate "2019.05.25"]
[EventType "tourn"]
[EventCountry "GER"]
[Tiebreak "Number of wins+Number of black wins"]
[SourceTitle "playchess.com"]
[Source "ChessBase"]
[SourceQuality "1"]
[TimeControl "180+2"]

1. Nf3 Nf6 2. c4 e6 3. Nc3 d5 4. d4 Be7 5. Bf4 O-O 6. e3 b6 7. Qc2 Bb7 8. Rd1 Nbd7 9. cxd5 exd5 10. Bd3 c5 11. O-O a6 12. dxc5 Nxc5 13.
Bf5 g6 14. Bh3 Bc8 15. Bxc8 Rxc8 16. Qe2 b5 17. Be5 Nce4 18. a4 Nxc3 19. Bxc3 bxa4 20. Qxa6 Ne4 21. Be5 Qd7 22. Nd4 Ra8 23. Qc6 Rfd8 24. Rd3 Nc5 25. Rc3 Ne6 26. Ra1 Nxd4 27. Bxd4 Qxc6 28. Rxc6 Bf8 29. g4 Bg7 30. Bxg7 Kxg7 31. Rd1 Rab8 32. Rc2 Rb4 33. h3 Rdb8 34. Rxd5 Rxb2 35. Rxb2 Rxb2 36. Ra5 Ra2 37. Kg2 h6 38. Kg3 a3 39. h4 Ra1 40. f3 a2 41. Kf4 Rh1 42. Rxa2 Rxh4 43. Ra7 Rh1 44. e4 Rb1 45. e5 Rb4+ 46. Kg3 Rc4 1-0

[Event "GER-ch Blitz 2019"]
[Site "Magdeburg"]
[Date "2019.05.25"]
[Round "19.2"]
[White "Hebbinghaus, Holger"]
[Black "Heistermann, Till"]
[Result "1/2-1/2"]
[ECO "B00"]
[WhiteElo "2310"]
[BlackElo "2181"]
[Annotator "NA"]
[PlyCount "88"]
[EventDate "2019.05.25"]
[EventType "tourn"]
[EventCountry "GER"]
[Tiebreak "Number of wins+Number of black wins"]
[SourceTitle "playchess.com"]
[Source "ChessBase"]
[SourceQuality "1"]
[TimeControl "180+2"]

1. e4 d6 2. d4 e5 3. dxe5 dxe5 4. Qxd8+ Kxd8 5. Bc4 f6 6. Be3 c6 7. a4 Nd7 8. Nd2 Bc5 9. Bxc5 Nxc5 10.
Ne2 a5 11. f3 Kc7 12. Nb3 Nxb3 13. Bxb3 Ne7 14. O-O-O b6 15. Bc4 Bb7 16. Ng3 g6 17. Nf1 Rad8 18. Ne3 h5 19. h4 Bc8 20. g3 Rxd1+ 21. Rxd1 Rd8 22. Rf1 Rd6 23. c3 Be6 24. f4 exf4 25. Rxf4 Bxc4 26. Nxc4 Re6 27. Kd2 Nc8 28. Kd3 Nd6 29. Nd2 Nf7 30. Nf3 Kd6 31. g4 Ne5+ 32. Nxe5 Kxe5 33. Ke3 hxg4 34. Rxg4 f5 35. Rf4 Kf6 36. Kf3 Rd6 37. exf5 gxf5 38. Ke3 Rd1 39. Rc4 c5 40. b4 axb4 41. cxb4 cxb4 42. Rc6+ Ke5 43. Rxb6 Rb1 44. Rb5+ Kf6 {[%emt 0:00:01] Ke4 Ke5+}
1/2-1/2